[Event "Tuesday 16 January Rapid Engine Tour 12+1 Rounds 9 Starts 1600 ST"]
[Site "Infinity Chess"]
[Date "2018.1.16"]
[Round "7"]
[White "IronMan"]
[Black "Longin"]
[Result "1/2-1/2"]
[ECO "A00"]
[WhiteElo "2385"]
[BlackElo "2428"]
[WhiteEngine "Eman 1.58 64-bit BMI2"]
[BlackEngine "S_XPrO.251117.x64.POPCNT_CTG"]
[EventType "Swiss"]
[WhiteTeam ""]
[BlackTeam ""]
[PlyCount "122"]
[TimeControl "720+1"]

1. g3 d5 2. Nf3 Nf6 3. Bg2 c5 4. O-O Nc6 5. d4 cxd4 6. Nxd4 e5 7. Nxc6 bxc6 
8. c4 Be6 9. Qa4 Qd7 10. Nc3 Rc8 11. cxd5 cxd5 12. Qxd7+ Kxd7 13. Rd1 Bc5 
14. Na4 Be7 15. Bg5 Ng8 16. Be3 d4 17. Bd2 Nh6 18. e3 Nf5 19. Bc3 Rhd8 
20. Ba5 Rg8 21. exd4 Nxd4 22. f4 f6 23. Rd2 Bd8 24. Bb4 Rc4 25. a3 Kc8 
26. Rf1 Re8 27. fxe5 fxe5 28. Nc5 Bb6 29. Nxe6 Nf3+ 30. Kh1 Nxd2 31. Bxd2 Rxe6 
32. Bh3 Kd7 33. Bb4 a5 34. Bf8 Bc5 35. Rf7+ Ke8 36. Bxe6 Rc1+ 37. Kg2 Bxf8 
38. Rb7 Rc2+ 39. Kh3 Rd2 40. Rb5 Bd6 41. Rd5 Rxd5 42. Bxd5 Ke7 43. Bb7 Ke6 
44. Be4 g6 45. g4 Bc5 46. Kg3 Kf6 47. h4 Ke6 48. a4 Bd4 49. b3 Kf6 50. g5+ Kg7 
51. b4 axb4 52. Bd5 Bb6 53. Kf3 h6 54. Kg3 Bd8 55. Kg4 hxg5 56. hxg5 e4 
57. Kf4 e3 58. Kxe3 b3 59. Kd3 b2 60. Kc2 b1=Q+ 61. Kxb1 Bxg5 1/2-1/2

[Event "Tuesday 16 January Rapid Engine Tour 12+1 Rounds 9 Starts 1600 ST"]
[Site "Infinity Chess"]
[Date "2018.1.16"]
[Round "7"]
[White "hafaba"]
[Black "Dovahkiin"]
[Result "1/2-1/2"]
[ECO "D30"]
[WhiteElo "2434"]
[BlackElo "2379"]
[WhiteEngine "Stockfish SL 07012018 POPCNT_CTG"]
[BlackEngine "BrainFish_180113_x64_modern_CTG"]
[EventType "Swiss"]
[WhiteTeam ""]
[BlackTeam ""]
[PlyCount "74"]
[TimeControl "720+1"]

1. d4 d5 2. c4 e6 3. Nf3 Nf6 4. Nc3 c6 5. e3 Nbd7 6. Qc2 Bd6 7. Bd3 O-O 
8. O-O dxc4 9. Bxc4 a6 10. a4 c5 11. dxc5 Bxc5 12. Ne4 Nxe4 13. Qxe4 Qe7 
14. b3 Nf6 15. Qh4 b6 16. Ne5 Bb7 17. Bb2 Rfd8 18. Rfd1 h6 19. Bd3 Rac8 
20. Rac1 Ne4 21. Qxe7 Bxe7 22. Rxc8 Rxc8 23. f3 Nc5 24. Bc4 Bf6 25. e4 b5 
26. axb5 axb5 27. Bxb5 Nxb3 28. Nc4 Bxb2 29. Nxb2 g5 30. Nc4 Bc6 31. Nd6 Rc7 
32. Rd3 Bxb5 33. Rxb3 Rc1+ 34. Kf2 Rc2+ 35. Kg1 Rc1+ 36. Kf2 Rc2+ 37. Kg1 Rc1+ 
1/2-1/2

[Event "Tuesday 16 January Rapid Engine Tour 12+1 Rounds 9 Starts 1600 ST"]
[Site "Infinity Chess"]
[Date "2018.1.16"]
[Round "7"]
[White "OlivierEvan"]
[Black "incredible"]
[Result "1/2-1/2"]
[ECO "A04"]
[WhiteElo "2391"]
[BlackElo "2444"]
[WhiteEngine "Houdini 6"]
[BlackEngine "Stockfish_x64_bmi2"]
[EventType "Swiss"]
[WhiteTeam ""]
[BlackTeam ""]
[PlyCount "120"]
[TimeControl "720+1"]

1. Nf3 e6 2. c4 d5 3. d4 c6 4. Nc3 dxc4 5. a4 Bb4 6. e3 b5 7. Bd2 a5 
8. axb5 Bxc3 9. Bxc3 cxb5 10. b3 Bb7 11. bxc4 b4 12. Bb2 Nf6 13. Bd3 Nbd7 
14. O-O O-O 15. Nd2 h6 16. f3 e5 17. Bc2 Qc7 18. Rf2 Rfe8 19. Rc1 Ra6 
20. Ba4 Bc6 21. Bc2 exd4 22. exd4 a4 23. d5 b3 24. Bf5 Bb7 25. Ba3 Qf4 
26. Bxd7 Nxd7 27. Ne4 Ne5 28. Qd2 Qxd2 29. Rxd2 Rg6 30. Kf2 Ba6 31. Rd4 Rb6 
32. c5 Rbb8 33. c6 Nd3+ 34. Rxd3 Bxd3 35. c7 b2 36. cxb8=Q Rxb8 37. Bxb2 Rxb2+ 
38. Ke3 Bc2 39. d6 Kf8 40. Nc5 a3 41. Kd4 Bf5 42. Kc3 Rb6 43. d7 Rd6 
44. Ra1 Bxd7 45. Rxa3 Bc6 46. Ra6 g5 47. Ne4 Re6 48. Ng3 Bd5 49. Rxe6 Bxe6 
50. Ne4 Ke7 51. Kd4 f5 52. Nc5 f4 53. Nxe6 Kxe6 54. Ke4 h5 55. Kd4 Kf6 
56. Kd5 h4 57. Kd4 Kf5 58. Kd5 Kf6 59. Kd4 Kf5 60. Kd5 Kf6 1/2-1/2

[Event "Tuesday 16 January Rapid Engine Tour 12+1 Rounds 9 Starts 1600 ST"]
[Site "Infinity Chess"]
[Date "2018.1.16"]
[Round "7"]
[White "KhalidOmar"]
[Black "MarioDeMonti"]
[Result "1/2-1/2"]
[ECO "E10"]
[WhiteElo "2446"]
[BlackElo "2422"]
[WhiteEngine "Eman 1.62 64-bit BMI2"]
[BlackEngine "stockfish_x64_bmi2_2018_01_13_CTG"]
[EventType "Swiss"]
[WhiteTeam ""]
[BlackTeam ""]
[PlyCount "144"]
[TimeControl "720+1"]

1. d4 Nf6 2. c4 e6 3. Nf3 d5 4. Nc3 c6 5. Bg5 h6 6. Bxf6 Qxf6 7. e3 Nd7 
8. Bd3 dxc4 9. Bxc4 g6 10. O-O Bg7 11. e4 e5 12. Re1 O-O 13. d5 Rd8 14. a3 Nc5 
15. Qc2 Bg4 16. b4 Nd7 17. Nd2 Nb6 18. Re3 Qd6 19. h3 Bd7 20. dxc6 Qxc6 
21. Bb3 Be6 22. Bxe6 Qxe6 23. Nb3 Rac8 24. Nc5 Qc6 25. Rf3 Bf8 26. Nb3 Rd7 
27. Na5 Qe6 28. Qe2 Rdc7 29. Qe1 a6 30. Rd1 Kg7 31. Rdd3 Be7 32. Rd1 Bg5 
33. Kh2 h5 34. Rfd3 Qe8 35. Rf3 h4 36. Nb3 Na4 37. Nxa4 Qxa4 38. Nc5 Qe8 
39. Rd6 Be7 40. Rb6 Bxc5 41. bxc5 Qe7 42. Qb4 Qxc5 43. Qxc5 Rxc5 44. Rxb7 R5c7 
45. Rb6 Rc6 46. Rxc6 Rxc6 47. g3 Rc4 48. Re3 g5 49. Kg2 Kg6 50. Rb3 Ra4 
51. gxh4 gxh4 52. Kf3 Kh5 53. Rc3 Kg5 54. Ke3 a5 55. Kf3 f6 56. Ke3 f5 
57. exf5 Kxf5 58. f3 Kg5 59. Rd3 Kf6 60. Rc3 Kf5 61. Kf2 Kf4 62. Rc2 e4 
63. Rc3 Rd4 64. fxe4 Kxe4 65. Rc5 Rd2+ 66. Ke1 Rd5 67. Rc4+ Kf5 68. Rxh4 Rd3 
69. Kf2 Rxa3 70. Rh6 a4 71. Rh4 Ra1 72. Kg3 a3 1/2-1/2

[Event "Tuesday 16 January Rapid Engine Tour 12+1 Rounds 9 Starts 1600 ST"]
[Site "Infinity Chess"]
[Date "2018.1.16"]
[Round "7"]
[White "Ninja_Bp"]
[Black "Wolle"]
[Result "1/2-1/2"]
[ECO "A06"]
[WhiteElo "2460"]
[BlackElo "2457"]
[WhiteEngine "Houdini 6"]
[BlackEngine "Raubfisch X37a2_CTG"]
[EventType "Swiss"]
[WhiteTeam ""]
[BlackTeam ""]
[PlyCount "199"]
[TimeControl "720+1"]

1. Nf3 d5 2. d4 Nf6 3. e3 e6 4. c4 Be7 5. Nc3 O-O 6. a3 Nbd7 7. b3 b6 8. Bd3 Bb7 
9. O-O c5 10. Bb2 dxc4 11. bxc4 a6 12. d5 exd5 13. Nxd5 Nxd5 14. cxd5 b5 
15. Qc2 g6 16. e4 Bf6 17. Bxf6 Qxf6 18. Qd2 Qd6 19. Bc2 Rae8 20. Rad1 f6 
21. Nh4 Re7 22. Rfe1 Rfe8 23. h3 Rf8 24. Re3 Bc8 25. Rde1 Rfe8 26. Nf3 Ne5 
27. Nxe5 fxe5 28. Bd3 Rf7 29. Bf1 c4 30. Qb4 Qc7 31. R1e2 Ref8 32. Rc3 Bd7 
33. Rce3 a5 34. Qc3 Qb6 35. Rb2 Qd4 36. Qc1 a4 37. Rd2 Qb6 38. Rde2 h6 
39. Rd2 Qc5 40. Bd3 Qe7 41. Bf1 Qc5 42. Qc3 g5 43. g3 Qd6 44. Bg2 Rf6 
45. Re1 Kg7 46. Rb1 Kh7 47. Rb4 Kg6 48. Rb1 h5 49. Rc2 h4 50. g4 Rf4 
51. Rd2 R8f7 52. Qe3 Kg7 53. Rc2 Kh7 54. Rd2 Kg7 55. Rc2 R7f6 56. Rb4 Kg8 
57. Rd2 Rf8 58. Qc3 Kg7 59. Re2 Qf6 60. Qe3 Qd6 61. Qc3 R8f7 62. Rd2 R7f6 
63. Re2 Rf8 64. Rd2 Be8 65. Rb1 Bd7 66. Rb4 Kg6 67. Qe3 Kh7 68. Rb1 Kh8 
69. Qc3 Kh7 70. Qe3 Kg7 71. Qc3 Be8 72. Qe3 Bd7 73. Rb4 R8f6 74. Rb1 Kf7 
75. Re2 Qc7 76. Reb2 Qb6 77. Rd1 Be8 78. Rc1 Qd6 79. Qc3 Kg8 80. Ra2 Qc7 
81. Re2 Bd7 82. Rb2 Qd6 83. Re1 Rf8 84. Rbe2 Qf6 85. Rf1 Rf7 86. Qd2 Qb6 
87. Qb4 R7f6 88. Ra2 Rf7 89. Rb2 Kg7 90. Qc3 Qd4 91. Qb4 Kg6 92. Rd2 Qb6 
93. Ra2 Qa6 94. Re1 Kh7 95. Qc5 Be8 96. Rf1 R4f6 97. Qe3 Kg6 98. Rb2 Qd6 
99. Qc3 Rc7 100. Re2 1/2-1/2

[Event "Tuesday 16 January Rapid Engine Tour 12+1 Rounds 9 Starts 1600 ST"]
[Site "Infinity Chess"]
[Date "2018.1.16"]
[Round "7"]
[White "angriff"]
[Black "Neoxium"]
[Result "1/2-1/2"]
[ECO "C50"]
[WhiteElo "2489"]
[BlackElo "2466"]
[WhiteEngine "Raubfisch ME262_GTZ16b1_CTG"]
[BlackEngine "SF SL FA-IDeA"]
[EventType "Swiss"]
[WhiteTeam ""]
[BlackTeam ""]
[PlyCount "59"]
[TimeControl "720+1"]

1. e4 e5 2. Nf3 Nc6 3. Bc4 Bc5 4. O-O Nf6 5. d3 d6 6. c3 O-O 7. Nbd2 a5 
8. Re1 Be6 9. Bb5 Qb8 10. Nf1 Qa7 11. Be3 Qb6 12. a4 Bxe3 13. Nxe3 Ng4 
14. Rb1 Nxe3 15. Rxe3 Ba2 16. Rc1 Na7 17. Bd7 Rad8 18. Bg4 Bb3 19. Qd2 Bxa4 
20. Nh4 Bd7 21. Rg3 Bxg4 22. Qg5 Qxb2 23. Rxg4 g6 24. Nf5 f6 25. Qxg6+ hxg6 
26. Rxg6+ Kh7 27. Rh6+ Kg8 28. Rg6+ Kh7 29. Rh6+ Kg8 30. Rg6+ 1/2-1/2

[Event "Tuesday 16 January Rapid Engine Tour 12+1 Rounds 9 Starts 1600 ST"]
[Site "Infinity Chess"]
[Date "2018.1.16"]
[Round "7"]
[White "SkyPilot"]
[Black "Vimtiroba"]
[Result "1/2-1/2"]
[ECO "C53"]
[WhiteElo "2478"]
[BlackElo "2494"]
[WhiteEngine "stockfish_x64_bmi2_2018_01_13_CTG"]
[BlackEngine "CChess@EX_CTG"]
[EventType "Swiss"]
[WhiteTeam ""]
[BlackTeam ""]
[PlyCount "99"]
[TimeControl "720+1"]

1. e4 e5 2. Nf3 Nc6 3. Bc4 Bc5 4. c3 Nf6 5. d3 d6 6. O-O a5 7. Re1 O-O 
8. Nbd2 Ba7 9. h3 Be6 10. Bb5 Ne7 11. d4 Ng6 12. Ba4 Nh5 13. Nf1 c6 14. Bc2 Nhf4 
15. Ng3 f6 16. Be3 d5 17. exd5 Bxd5 18. Nf5 exd4 19. Bxf4 Nxf4 20. N3xd4 Kh8 
21. Qg4 g5 22. g3 h5 23. Qd1 Nxh3+ 24. Kh2 g4 25. f4 Re8 26. Qd3 Nf2 27. Qf1 Ne4 
28. Rad1 b5 29. Bxe4 Rxe4 30. Nxc6 Bxc6 31. Rxd8+ Rxd8 32. Rxe4 Bxe4 
33. Nd4 Bxd4 34. cxd4 Rxd4 35. Qxb5 Kg7 36. Qxh5 Rd2+ 37. Kg1 Rg2+ 38. Kf1 Rxg3 
39. Qxa5 Rf3+ 40. Ke1 Kg6 41. Qb6 Kf5 42. Qb5+ Kxf4 43. Qb8+ Kg5 44. Qg8+ Kf4 
45. Qg7 Re3+ 46. Kd2 Rd3+ 47. Ke2 Re3+ 48. Kd2 Rd3+ 49. Ke2 Re3+ 50. Kd2 1/2-1/2

[Event "Tuesday 16 January Rapid Engine Tour 12+1 Rounds 9 Starts 1600 ST"]
[Site "Infinity Chess"]
[Date "2018.1.16"]
[Round "7"]
[White "THE_MACHINE"]
[Black "KULLANI"]
[Result "1/2-1/2"]
[ECO "C53"]
[WhiteElo "2497"]
[BlackElo "2462"]
[WhiteEngine "Houdini 6"]
[BlackEngine "BrainFish_180106_x64_CTG"]
[EventType "Swiss"]
[WhiteTeam ""]
[BlackTeam ""]
[PlyCount "85"]
[TimeControl "720+1"]

1. e4 e5 2. Nf3 Nc6 3. Bc4 Bc5 4. c3 Nf6 5. d4 exd4 6. e5 d5 7. Bb5 Ne4 
8. cxd4 Bb6 9. O-O O-O 10. h3 f6 11. Nc3 fxe5 12. Bxc6 bxc6 13. Nxe4 dxe4 
14. Qb3+ Qd5 15. Nxe5 Ba6 16. Rd1 Be2 17. Re1 Bxd4 18. Rxe2 Bxe5 19. Rxe4 Rae8 
20. Re2 Bd4 21. Be3 Qxb3 22. axb3 Rf5 23. Rae1 c5 24. Ra1 Rfe5 25. Rxa7 Bxe3 
26. fxe3 Rxe3 27. Rc2 Rxb3 28. Rxc7 Reb8 29. Re2 R3b7 30. Re8+ Rxe8 31. Rxb7 c4 
32. Kf2 Rc8 33. Kg3 c3 34. bxc3 Rxc3+ 35. Kf2 Rc2+ 36. Kf3 g6 37. g3 Rc3+ 
38. Kg2 h5 39. Ra7 Rc2+ 40. Kf3 Rc5 41. g4 Rc3+ 42. Kf4 Rxh3 43. gxh5 1/2-1/2

[Event "Tuesday 16 January Rapid Engine Tour 12+1 Rounds 9 Starts 1600 ST"]
[Site "Infinity Chess"]
[Date "2018.1.16"]
[Round "6"]
[White "CrapCleaner"]
[Black "miguello"]
[Result "1-0"]
[ECO "B06"]
[WhiteElo "2394"]
[BlackElo "2393"]
[WhiteEngine "SugaR XPrO x64 BMI2_CTG"]
[BlackEngine "asmFishW_2018-01-12_popcnt_CTG"]
[EventType "Swiss"]
[WhiteTeam ""]
[BlackTeam ""]
[PlyCount "115"]
[TimeControl "720+1"]

1. e4 g6 2. d4 Bg7 3. Nf3 d6 4. Nc3 Nf6 5. Be2 O-O 6. O-O c6 7. a4 a5 8. Be3 Ng4 
9. Bg5 h6 10. Bh4 g5 11. Bg3 Nf6 12. h4 g4 13. Nd2 Nbd7 14. Bh2 e5 15. Nc4 exd4 
16. Qxd4 Nd5 17. Qd2 Nxc3 18. bxc3 d5 19. exd5 Nf6 20. Nd6 cxd5 21. Rad1 Be6 
22. Qe3 Nh5 23. c4 d4 24. Qd3 Qxh4 25. Qe4 Qe7 26. Bd3 f5 27. Qe2 g3 
28. fxg3 Qxd6 29. Qxh5 Rac8 30. g4 Qd7 31. Rde1 Bxc4 32. gxf5 Bxd3 33. cxd3 Rc5 
34. g4 b5 35. Bf4 bxa4 36. Bxh6 Qf7 37. Qh1 Bxh6 38. Qxh6 Qg7 39. Qe6+ Qf7 
40. Kf2 a3 41. Qh6 Qf6 42. Qxf6 Rxf6 43. Kf3 Rb5 44. Re8+ Rf8 45. Re6 Rb3 
46. Rh1 Rf7 47. Kf4 a2 48. Ra1 Rb2 49. Ra6 Rf2+ 50. Kg3 Rd2 51. Ra8+ Rf8 
52. Rxa5 Rxd3+ 53. Kf4 Rc3 54. R1xa2 Rd8 55. Ra8 Rcc8 56. Rxc8 Rxc8 57. Rd2 Rd8 
58. Ke4 1-0

[Event "Tuesday 16 January Rapid Engine Tour 12+1 Rounds 9 Starts 1600 ST"]
[Site "Infinity Chess"]
[Date "2018.1.16"]
[Round "6"]
[White "tris77"]
[Black "ivrdurant"]
[Result "1/2-1/2"]
[ECO "C50"]
[WhiteElo "2319"]
[BlackElo "2416"]
[WhiteEngine "Raubfisch X37a2_CTG"]
[BlackEngine "Raubfisch X37b1._CTG"]
[EventType "Swiss"]
[WhiteTeam ""]
[BlackTeam ""]
[PlyCount "102"]
[TimeControl "720+1"]

1. e4 e5 2. Nf3 Nc6 3. Bc4 Bc5 4. O-O Nf6 5. d3 d6 6. c3 O-O 7. Bb3 a5 8. a4 h6 
9. Nbd2 Ne7 10. Re1 Ng6 11. Nf1 c6 12. h3 Re8 13. Ng3 Qb6 14. Re2 Be6 
15. Bxe6 Rxe6 16. b4 axb4 17. d4 bxc3 18. dxc5 Qxc5 19. Qb3 b5 20. Be3 Qc4 
21. Qxc4 bxc4 22. Rc2 d5 23. Rxc3 d4 24. Bxd4 exd4 25. Nxd4 Nxe4 26. Rxc4 Ree8 
27. Nxc6 Nxg3 28. fxg3 Ne5 29. Nxe5 Rxe5 30. g4 h5 31. gxh5 Rxh5 32. Kf2 Rd5 
33. Ke3 f5 34. Ra2 Rda5 35. h4 Kf7 36. g3 Kf6 37. Rc6+ Kf7 38. Rc4 Kf6 
39. Kf4 Kg6 40. g4 fxg4 41. Kxg4 Rb8 42. Rf2 Rb3 43. Rf8 Rb1 44. Rff4 Rb3 
45. h5+ Kh6 46. Rf8 g6 47. hxg6 Kxg6 48. Rc6+ Kg7 49. Rf4 Ra3 50. Rb4 R3xa4 
51. Rxa4 Rxa4+ 1/2-1/2

[Event "Tuesday 16 January Rapid Engine Tour 12+1 Rounds 9 Starts 1600 ST"]
[Site "Infinity Chess"]
[Date "2018.1.16"]
[Round "6"]
[White "RonWeasley"]
[Black "zzsam_Mat_Pahang"]
[Result "1/2-1/2"]
[ECO "C55"]
[WhiteElo "2438"]
[BlackElo "2358"]
[WhiteEngine "BrainFish 130117_CTG"]
[BlackEngine "Houdini 6"]
[EventType "Swiss"]
[WhiteTeam ""]
[BlackTeam ""]
[PlyCount "132"]
[TimeControl "720+1"]

1. e4 e5 2. Nf3 Nc6 3. Bc4 Nf6 4. d3 Bc5 5. c3 d6 6. Bb3 O-O 7. Nbd2 a5 
8. O-O Be6 9. Re1 Bxb3 10. Nxb3 Bb6 11. Bg5 h6 12. Bh4 g5 13. Bg3 a4 
14. Nbd2 Ba7 15. Nf1 Qd7 16. h3 Rfe8 17. a3 Bb6 18. Qe2 Qe6 19. Rad1 Nh5 
20. Bh2 Qg6 21. Ne3 Nf6 22. Nd2 Bxe3 23. Qxe3 Rad8 24. Nf1 Nh5 25. Qe2 Kh7 
26. Qc2 b5 27. Ne3 Nf4 28. Kh1 Rc8 29. f3 Qe6 30. d4 Na5 31. Nf5 Nc4 
32. Bxf4 exf4 33. Re2 Qg6 34. g4 fxg3 35. Rg1 d5 36. Rxg3 c5 37. Qd3 cxd4 
38. cxd4 Rb8 39. h4 b4 40. axb4 Rxb4 41. hxg5 Rb3 42. Qd1 dxe4 43. Nh4 Qh5 
44. Rh2 Ne3 45. Qg1 Rxb2 46. Rxb2 Qxh4+ 47. Rh2 Qf4 48. Rxh6+ Kg7 49. Qh2 Nf5 
50. Rh7+ Kf8 51. Rg2 Qxh2+ 52. Rgxh2 e3 53. Rh8+ Ke7 54. Rxe8+ Kxe8 55. Rh8+ Ke7 
56. Kg2 e2 57. Kf2 Nxd4 58. f4 a3 59. Ra8 Ke6 60. Ra5 a2 61. Rxa2 Kf5 
62. Ra4 Ne6 63. Kxe2 Nxf4+ 64. Kf3 Ne6 65. Ra5+ Kg6 66. Kg4 f6 1/2-1/2

[Event "Tuesday 16 January Rapid Engine Tour 12+1 Rounds 9 Starts 1600 ST"]
[Site "Infinity Chess"]
[Date "2018.1.16"]
[Round "6"]
[White "Dovahkiin"]
[Black "Satria_Ungu"]
[Result "1/2-1/2"]
[ECO "C55"]
[WhiteElo "2378"]
[BlackElo "2406"]
[WhiteEngine "BrainFish_180113_x64_modern_CTG"]
[BlackEngine "Houdini 6"]
[EventType "Swiss"]
[WhiteTeam ""]
[BlackTeam ""]
[PlyCount "134"]
[TimeControl "720+1"]

1. e4 e5 2. Nf3 Nc6 3. Bc4 Nf6 4. d3 Bc5 5. O-O O-O 6. Nbd2 d6 7. c3 h6 
8. Re1 Bb6 9. a4 Ng4 10. Re2 Na5 11. Ba2 c5 12. h3 Nf6 13. Nc4 Nxc4 14. Bxc4 Re8 
15. Bd2 Be6 16. Re3 Kh7 17. Re1 Kg8 18. Re3 Kh7 19. Qe1 Qe7 20. b3 Bc7 
21. Qb1 Bd7 22. Re1 Kg8 23. Bb5 Ba5 24. Qc1 Rac8 25. Nh4 Red8 26. Bxd7 Rxd7 
27. Nf3 Rcd8 28. Ra2 a6 29. Qb1 Qe8 30. Rc2 Re7 31. b4 cxb4 32. cxb4 Bb6 
33. a5 Ba7 34. b5 axb5 35. Rb2 d5 36. Rxb5 dxe4 37. dxe4 Qc6 38. Bc1 Bc5 
39. Bd2 Rc7 40. Rb3 Nh5 41. Be3 Bxe3 42. Rexe3 Nf4 43. Nxe5 Qa6 44. Kh2 Rd2 
45. Rf3 Ne6 46. Rb2 Qxa5 47. Ng4 Rxb2 48. Qxb2 Rd7 49. Ra3 Qc5 50. Ne3 Qd6+ 
51. e5 Qd4 52. Qxd4 Nxd4 53. Ra8+ Kh7 54. Kg3 Kg6 55. Ra5 h5 56. Kh4 Nf5+ 
57. Nxf5 Kxf5 58. Rb5 g6 59. g3 Rd4+ 60. f4 b6 61. Rxb6 g5+ 62. Kxh5 gxf4 
63. gxf4 Kxf4 64. Rf6+ Kxe5 65. Rxf7 Rd8 66. h4 Rg8 67. Rf1 Ke6 1/2-1/2

[Event "Tuesday 16 January Rapid Engine Tour 12+1 Rounds 9 Starts 1600 ST"]
[Site "Infinity Chess"]
[Date "2018.1.16"]
[Round "6"]
[White "Harry_Potter"]
[Black "OlivierEvan"]
[Result "1/2-1/2"]
[ECO "C55"]
[WhiteElo "2474"]
[BlackElo "2388"]
[WhiteEngine "Stockfish_18011309_x64_bmi2_CTG"]
[BlackEngine "Houdini 6"]
[EventType "Swiss"]
[WhiteTeam ""]
[BlackTeam ""]
[PlyCount "261"]
[TimeControl "720+1"]

1. e4 e5 2. Nf3 Nc6 3. Bc4 Nf6 4. d3 Bc5 5. c3 d6 6. O-O O-O 7. Bg5 a5 8. a4 h6 
9. Bh4 Be6 10. Nbd2 Qe7 11. Re1 g5 12. Bg3 Ne8 13. Bxe6 fxe6 14. Nc4 Qf7 
15. Qb3 Rb8 16. Rf1 g4 17. Nh4 Ng7 18. Ne3 Qh5 19. Rad1 Rf7 20. Qc4 Bb6 
21. Qb5 Na7 22. Qc4 Rbf8 23. d4 Nc6 24. Kh1 Kh7 25. Rfe1 Qg5 26. b3 exd4 
27. cxd4 Nh5 28. Qxe6 Nxg3+ 29. fxg3 Bxd4 30. Nef5 Bc5 31. Qc4 Ne5 32. Qc2 Qg8 
33. Qb1 Bb6 34. Ne3 Bxe3 35. Rxe3 Rf6 36. Nf5 R8f7 37. Ree1 Qe8 38. Rf1 Qc6 
39. Rd4 b5 40. axb5 Qxb5 41. Rd5 Qe2 42. Rf4 h5 43. Rf1 Qa6 44. Rfd1 a4 
45. bxa4 Qxa4 46. R5d4 Qc6 47. Qb3 Qe8 48. Qc2 Qe6 49. Kg1 Qd7 50. Qc1 Rg6 
51. Qb2 Qe8 52. Qc2 Qb5 53. Rb1 Qa6 54. Kh1 Qc6 55. Qb3 Qa6 56. Qe3 Qc6 
57. Rd5 Qc4 58. Ra1 Qc2 59. Nh4 Rgf6 60. Nf5 Rg6 61. Rc1 Qb2 62. Rdd1 Qb7 
63. Qe2 Kh8 64. Rf1 Qb3 65. Rfd1 Qb7 66. Rb1 Qa8 67. Rdc1 Rgf6 68. Qe3 Rg6 
69. Ra1 Qe8 70. h3 gxh3 71. gxh3 Qb5 72. Rf1 Qd3 73. Qf4 Qc3 74. Rad1 Qb3 
75. Ra1 Qc3 76. Rad1 Qb3 77. Rb1 Qc2 78. Rbc1 Qb3 79. Qd2 Qd3 80. Qf4 Qb3 
81. Rcd1 Qa2 82. Ra1 Qb3 83. Rad1 Qa2 84. Kg1 Qc4 85. Rd2 Re6 86. Rg2 Rg6 
87. Kh2 Rff6 88. Rc1 Qb3 89. Rf1 Qc4 90. Rfg1 Rf7 91. Ra1 Qe6 92. Ra8+ Kh7 
93. Rb2 Qc4 94. Rf2 Nd7 95. Re8 Qc3 96. Kg2 Qd3 97. Qh4 Nf6 98. e5 Ng8 
99. Ne3 Rfg7 100. Ng4 Rxg4 101. Qxh5+ Nh6 102. hxg4 Qe4+ 103. Kh2 Qxg4 
104. Qh3 Qxh3+ 105. Kxh3 Ng4 106. Rf4 Nxe5 107. Rf5 c5 108. Rf6 Rd7 
109. Ree6 Nf7 110. Kg4 d5 111. Re1 Kg7 112. Rc6 c4 113. Kf3 Nd8 114. Rc5 Nb7 
115. Rb5 d4 116. Reb1 Nd8 117. Rc5 c3 118. Rh1 Ne6 119. Rc8 Rd5 120. Ke4 Rg5 
121. Rc6 Rxg3 122. Rxe6 Re3+ 123. Kf5 Rxe6 124. Kxe6 d3 125. Ra1 c2 
126. Rg1+ Kh6 127. Kf6 Kh5 128. Kf5 Kh6 129. Kf6 Kh5 130. Kf5 Kh6 131. Kf6 
1/2-1/2

[Event "Tuesday 16 January Rapid Engine Tour 12+1 Rounds 9 Starts 1600 ST"]
[Site "Infinity Chess"]
[Date "2018.1.16"]
[Round "6"]
[White "MarioDeMonti"]
[Black "incredible"]
[Result "1/2-1/2"]
[ECO "A50"]
[WhiteElo "2421"]
[BlackElo "2445"]
[WhiteEngine "stockfish_x64_bmi2_2018_01_13_CTG"]
[BlackEngine "Stockfish_x64_bmi2"]
[EventType "Swiss"]
[WhiteTeam ""]
[BlackTeam ""]
[PlyCount "166"]
[TimeControl "720+1"]

1. d4 Nf6 2. c4 b6 3. Nc3 Bb7 4. Qc2 d6 5. Nf3 Nbd7 6. e4 e5 7. d5 Be7 
8. Be2 O-O 9. Be3 c6 10. Nd2 Ne8 11. O-O Bg5 12. Bxg5 Qxg5 13. b4 Rc8 
14. dxc6 Bxc6 15. Qd3 g6 16. Rad1 Qe7 17. Nb3 f5 18. f3 Qg5 19. exf5 gxf5 
20. Rf2 Kh8 21. f4 Qg7 22. Qh3 Nef6 23. Qg3 Qe7 24. Qd3 d5 25. cxd5 Ba8 
26. fxe5 Qxe5 27. Nd4 Rxc3 28. Qxc3 Ne4 29. Qe1 Nxf2 30. Qxf2 Bxd5 31. a3 Be4 
32. Nf3 Bxf3 33. Bxf3 Nf6 34. Qd4 Qxd4+ 35. Rxd4 Rc8 36. Rf4 Rc1+ 37. Kf2 Ra1 
38. Rxf5 Kg7 39. Rg5+ Kf8 40. Rf5 Kg7 41. Rg5+ Kf8 42. b5 Rxa3 43. Rf5 Ke7 
44. Rf4 Ke6 45. Rd4 Ke5 46. Rh4 Ra5 47. Bc6 Ra2+ 48. Kg3 Ra3+ 49. Kf2 Ra2+ 
50. Kf3 a5 51. bxa6 Rxa6 52. g3 Ra2 53. Bb5 h5 54. Bc4 Ra4 55. Bb5 Ra3+ 
56. Ke2 Ra2+ 57. Kf3 Ra3+ 58. Ke2 Ra2+ 59. Kf3 Kd6 60. Bd3 Ra3 61. Ke2 Ra2+ 
62. Kf3 Ra3 63. Ke2 Ra2+ 64. Kd1 Ng4 65. Kc1 Nf6 66. Kb1 Rd2 67. Bg6 Kc5 
68. Bxh5 Nxh5 69. Rxh5+ Kc4 70. g4 b5 71. Rh6 b4 72. Rc6+ Kb3 73. g5 Rd1+ 
74. Rc1 Rd2 75. h3 Rb2+ 76. Ka1 Ra2+ 77. Kb1 Rb2+ 78. Ka1 Rg2 79. h4 Ra2+ 
80. Kb1 Rb2+ 81. Ka1 Ra2+ 82. Kb1 Rb2+ 83. Ka1 Ra2+ 1/2-1/2

[Event "Tuesday 16 January Rapid Engine Tour 12+1 Rounds 9 Starts 1600 ST"]
[Site "Infinity Chess"]
[Date "2018.1.16"]
[Round "6"]
[White "Wolle"]
[Black "KhalidOmar"]
[Result "1/2-1/2"]
[ECO "C55"]
[WhiteElo "2457"]
[BlackElo "2446"]
[WhiteEngine "Raubfisch X37a2_CTG"]
[BlackEngine "Eman 1.62 64-bit BMI2"]
[EventType "Swiss"]
[WhiteTeam ""]
[BlackTeam ""]
[PlyCount "123"]
[TimeControl "720+1"]

1. e4 e5 2. Nf3 Nc6 3. Bc4 Nf6 4. d3 Bc5 5. c3 a5 6. O-O d6 7. Bg5 O-O 8. Re1 h6 
9. Bh4 g5 10. Bg3 g4 11. Bh4 gxf3 12. Qxf3 Kg7 13. Nd2 Be6 14. Rad1 Bxc4 
15. Nxc4 Qe7 16. d4 exd4 17. Qg3+ Kh7 18. Qf4 Qe6 19. Bxf6 dxc3 20. Bxc3 f5 
21. e5 d5 22. Nd2 a4 23. Nf3 Rg8 24. h3 Rg7 25. Kf1 Be7 26. Qe3 Rd8 27. g3 Kg8 
28. Kg2 Bg5 29. Qd3 d4 30. Bd2 Bxd2 31. Rxd2 Qxa2 32. Qxf5 Qd5 33. Qd3 Rf7 
34. e6 Rf6 35. Qe4 Qxe4 36. Rxe4 Kf8 37. Rdxd4 Rxd4 38. Nxd4 Nxd4 39. Rxd4 b5 
40. Rd5 c6 41. Rd6 Ke7 42. Rxc6 Rxe6 43. Rc5 Rb6 44. Kf3 b4 45. Rc4 Kd6 
46. Ke4 a3 47. bxa3 bxa3 48. Ra4 Rb3 49. Kd4 Kc6 50. Ra7 Kb5 51. Rb7+ Ka4 
52. Ra7+ Kb4 53. f4 Rxg3 54. f5 Rf3 55. Rb7+ Ka4 56. Kc4 Rf4+ 57. Kc3 Rxf5 
58. Ra7+ Kb5 59. Rxa3 Rf3+ 60. Kb2 Rxa3 61. Kxa3 Kc4 62. Kb2 1/2-1/2

[Event "Tuesday 16 January Rapid Engine Tour 12+1 Rounds 9 Starts 1600 ST"]
[Site "Infinity Chess"]
[Date "2018.1.16"]
[Round "6"]
[White "Vimtiroba"]
[Black "Eman"]
[Result "1-0"]
[ECO "A05"]
[WhiteElo "2479"]
[BlackElo "2464"]
[WhiteEngine "CChess@EX_CTG"]
[BlackEngine "Eman 1.62 64-bit POPCNT"]
[EventType "Swiss"]
[WhiteTeam ""]
[BlackTeam ""]
[PlyCount "129"]
[TimeControl "720+1"]

1. Nf3 Nf6 2. d4 d5 3. c4 e6 4. e3 b6 5. b3 Nbd7 6. Bb2 Bb7 7. Bd3 dxc4 
8. bxc4 Bd6 9. O-O O-O 10. Nc3 Re8 11. Qe2 c5 12. Rad1 Qe7 13. d5 Rad8 
14. Rfe1 Ne5 15. Nxe5 Bxe5 16. e4 exd5 17. Nxd5 Qd6 18. Bxe5 Qxe5 19. Qd2 Bxd5 
20. cxd5 a6 21. a4 Qd4 22. Qc2 Qb4 23. Rb1 Qd4 24. g3 g6 25. Rbd1 Qb4 
26. Qb1 Qxa4 27. Qxb6 Nd7 28. Qb2 Ne5 29. Qe2 Qa3 30. Qe3 Nxd3 31. Rxd3 Qb4 
32. Rdd1 a5 33. h4 c4 34. Rb1 Qd6 35. Qc3 Qc5 36. h5 gxh5 37. Kg2 Rc8 
38. Rbd1 a4 39. e5 Qe7 40. d6 Qd7 41. Re4 h6 42. Rxc4 Rxc4 43. Qxc4 a3 
44. Qc7 Qd8 45. d7 Rf8 46. Qd6 a2 47. e6 fxe6 48. Qxe6+ Kg7 49. Qxa2 Qb6 
50. Rd3 h4 51. Qd2 Rxf2+ 52. Qxf2 h3+ 53. Kf3 Qf6+ 54. Ke2 Qb2+ 55. Rd2 Qb5+ 
56. Ke3 Qc5+ 57. Ke4 Qe7+ 58. Kf3 Qf7+ 59. Kg4 h5+ 60. Kxh3 Qe6+ 61. Kh2 h4 
62. d8=Q Qh3+ 63. Kxh3 hxg3 64. Qxg3+ Kh7 65. Qdh4# 1-0